 Dungeon Crawl Stone Soup version 0.19-a0-805-g0a78ef0 (webtiles) character file.

772 Ryco the Covert (level 7, -1/33 HPs)
             Began as a Spriggan Enchanter on June 27, 2016.
             Was an Initiate of Ashenzari.
             Killed from afar by an orc wizard (11 damage)
             ... with a magic dart
             ... on level 7 of the Dungeon.
             The game lasted 00:14:19 (2084 turns).

Ryco the Covert (Spriggan Enchanter)                Turns: 2084, Time: 00:14:19

Health: -1/33      AC:  3    Str:  4    XL:     7   Next: 53%
Magic:  3/15       EV: 20    Int: 17    God:    Ashenzari [......]
Gold:   159        SH:  0    Dex: 18    Spells: 5 memorised, 3 levels left

rFire  + . .     SeeInvis +     a - +4 dagger
rCold  . . .     Gourm    .     m - +0 robe {rF+}
rNeg   . . .     Faith    .     (shield restricted)
rPois  +         Spirit   .     (helmet restricted)
rElec  .         Dismiss  .     n - +0 cloak
rCorr  .         Reflect  .     (gloves unavailable)
SustAt .         Harm     .     (boots unavailable)
MR     +....                    (no amulet)
Stlth  +++++.....               (no ring)
                                b - ring of poison resistance (curse)

@: very quick, somewhat resistant to hostile enchantments, quite stealthy
A: unfitting armour, see invisible, herbivore 3, speed 3, slow metabolism 2
a: Curse Item, Renounce Religion


You were on level 7 of the Dungeon.
You worshipped Ashenzari.
Ashenzari was noncommittal.
You were not hungry.

You visited 2 branches of the dungeon, and saw 8 of its levels.

You collected 159 gold pieces.

Inventory:

Hand Weapons
 a - a +4 dagger (weapon)
Missiles
 i - 9 sling bullets
 q - 2 throwing nets (quivered)
Armour
 m - a +0 robe of fire resistance (worn)
 n - a +0 cloak (worn)
Jewellery
 b - a cursed ring of poison resistance (left hand)
Scrolls
 g - a scroll of noise {unknown}
 h - 2 scrolls of remove curse
 k - a scroll of enchant weapon {unknown}
 o - 2 scrolls of enchant armour {unknown}
 p - 2 scrolls of teleportation {unknown}
Potions
 e - a potion of brilliance
 j - 3 potions of mutation
 l - a potion of might
 s - a potion of curing
Books
 c - a book of Maledictions

   Spells                             Type                      Level
   a - Corona                         Hexes                        1
   b - Ensorcelled Hibernation        Hexes/Ice                    2
   c - Confuse                        Hexes                        3
   d - Tukima's Dance                 Hexes                        3
   e - Dazzling Spray                 Conjuration/Hexes            3
 r - a Grand Grimoire

   Spells                             Type                      Level
   a - Monstrous Menagerie            Summoning                    7
   b - Summon Greater Demon           Summoning                    7
   c - Malign Gateway                 Summoning/Translocation      7
   d - Summon Horrible Things         Summoning                    8
Comestibles
 d - 2 bread rations
 f - a royal jelly


   Skills:
 + Level 1.3 Fighting
 * Level 4.1 Short Blades
 + Level 4.8 Dodging
 + Level 8.6 Stealth
 + Level 4.8 Spellcasting
 + Level 5.3 Hexes


You had 3 spell levels left.
You knew the following spells:

 Your Spells              Type           Power        Failure   Level  Hunger
a - Ensorcelled Hibernat  Hex/Ice        ##....       10%         2    #......
b - Corona                Hex            ###....      1%          1    None
c - Confuse               Hex            ###.....     6%          3    ###....
d - Dazzling Spray        Conj/Hex       ##....       17%         3    ###....
t - Tukima's Dance        Hex            ###.....     6%          3    ###....


Dungeon Overview and Level Annotations

Branches:
Dungeon (7/15)             Temple (1/1) D:6

Altars:
Ashenzari
Dithmenos
Elyvilon
Gozag
Hepliaklqana
Makhleb
Nemelex Xobeh
Okawaru
Pakellas
Qazlal
Ru
Sif Muna
Uskayaw
Xom
Zin
The Shining One

Portals:
Bailey: D:7


Innate Abilities, Weirdness & Mutations

You are tiny and cannot use many weapons and most armour.
You have supernaturally acute eyesight. (SInv)
You are a herbivore.
You cover ground extremely quickly.
You need consume almost no food.


Message History

Your trident hits the orc wizard but does no damage.
Casting: Confuse
Confirm with . or Enter, or press ? or * to list all spells.
Aiming: Ensorcelled Hibernation
Press: ? - help, Shift-Dir - straight line, f - orc wizard, p - orc wizard
Aim: an orc wizard, wielding a dagger and wearing a robe (chance to defeat MR: 44%)
The orc wizard resists with some effort.
The orc wizard hits your trident with a dagger.
The orc wizard hits your trident but does no damage.
Your trident hits the orc wizard.
The orc wizard mumbles some strange words.
The orc wizard blinks!
Unknown command.
You see here an orc corpse.
You hit the orc wizard.
The orc wizard is heavily wounded.
Your trident falls from the air.
The orc wizard gestures at you while chanting.
The magic dart hits you!
You die...

.#...##....#
........#..#
....#...#..#
###.....#..# ####
# #.....#..#####
... .##
#.#...#......#
..#...#
#.#######.##.#
.o....# #
...##.###..)...#
######..@.o)∩)..#
####...)..##
#......# ########


You could see 2 orc wizards.

Vanquished Creatures
  Pikel (D:4)
  A gnoll sergeant (D:5)
  A jelly (D:5)
  An orc wizard (D:3)
  An orc priest (D:3)
  2 worker ants
  A hound skeleton (D:4)
  4 gnolls (D:5)
  4 adders
  2 adder zombies (D:5)
  A dart slug (D:4)
  2 giant geckos
  7 orcs
  6 giant cockroaches
  5 goblins
  5 hobgoblins
  A quokka (D:6)
  A ball python (D:2)
  3 bats
  2 giant gecko skeletons
  4 giant newts
  3 kobolds
  3 rats
61 creatures vanquished.

Vanquished Creatures (others)
  An orc (D:3)
1 creature vanquished.

Grand Total: 62 creatures vanquished

Notes
Turn   | Place    | Note
--------------------------------------------------------------
     0 | D:1      | Ryco the Spriggan Enchanter began the quest for the Orb.
     0 | D:1      | Reached XP level 1. HP: 9/9 MP: 5/5
   211 | D:3      | Found a shadowy altar of Dithmenos.
   269 | D:4      | Found a glowing golden altar of the Shining One.
   281 | D:4      | Found a shadowy altar of Dithmenos.
   368 | D:5      | Entered Level 5 of the Dungeon
   388 | D:5      | Reached XP level 2. HP: 13/13 MP: 4/6
   392 | D:5      | Learned a level 2 spell: Ensorcelled Hibernation
   400 | D:4      | Noticed a slave
   709 | D:2      | Reached skill level 5 in Stealth
   709 | D:2      | Reached XP level 3. HP: 16/16 MP: 8/8
   734 | D:2      | Found a sparkling altar of Nemelex Xobeh.
   734 | D:2      | Found an opulent altar of Gozag.
  1151 | D:3      | Reached XP level 4. HP: 16/21 MP: 3/9
  1210 | D:3      | Reached skill level 6 in Stealth
  1457 | D:4      | Reached XP level 5. HP: 17/25 MP: 10/10
  1469 | D:3      | Found a glowing golden altar of the Shining One.
  1578 | D:4      | Noticed Pikel
  1581 | D:4      | Noticed a slave
  1582 | D:4      | Noticed a slave
  1582 | D:4      | Noticed a slave
  1666 | D:4      | Learned a level 3 spell: Confuse
  1682 | D:4      | Killed Pikel
  1682 | D:4      | Reached skill level 1 in Fighting
  1682 | D:4      | Reached skill level 8 in Stealth
  1682 | D:4      | Reached skill level 5 in Hexes
  1682 | D:4      | Reached XP level 6. HP: 30/30 MP: 0/13
  1682 | D:4      | Reached XP level 7. HP: 33/33 MP: 0/14
  1694 | D:4      | Learned a level 3 spell: Tukima's Dance
  1698 | D:4      | Learned a level 3 spell: Dazzling Spray
  1906 | D:6      | Found a staircase to the Ecumenical Temple.
  1964 | Temple   | Entered the Ecumenical Temple
  1984 | Temple   | Became a worshipper of Ashenzari the Shackled
  2069 | D:7      | Found a flagged portal.
  2084 | D:7      | Killed from afar by an orc wizard

Vault maps used:
D:1:      wheals_arrival_linesprint
D:2:      grunt_temple_overflow_opulence
D:3:      lemuel_upstairs_altar, lemuel_round_altar
D:4:      tso_oasis_becter, first_bread, grunt_dithmenos_smoke_and_mirrors,
          uniq_pikel
D:5:      vehumet_altar_wand_db, serial_shops,
          nicolae_shop_temple_entry_statues_fountains, lightli_minifort
D:6:      nicolae_overflow_crystal_walls, kennysheep_slug_shrine
D:7:      nicolae_ossuary_entry_monument, enter_bailey_2,
          kennysheep_cluttered_room, uniq_joseph, uniq_crazy_yiuf_cottage
Temple:   cyrus_circular_temple

Skill      XL: |  1  2  3  4  5  6  7 |
---------------+----------------------+-----
Hexes          | 4 5 |  5.3
Stealth        | 5 6 8 |  8.6
Spellcasting   | 3 4 |  4.8
Short Blades   | 2 3 4 |  4.1
Fighting       | 1 |  1.3
Dodging        | 4 |  4.8

Action                   |  1- 3 |  4- 6 |  7- 9 || total
-------------------------+-------+-------+-------++-------
Melee: Dagger            |    65 |    54 |    32 ||   151
 Cast: Corona            |     4 |       |       ||     4
       Ensorcelled Hiber |     6 |    13 |     6 ||    25
       Confuse           |       |       |     6 ||     6
       Tukima's Dance    |       |       |     1 ||     1
Invok: Curse Item        |       |       |     1 ||     1
  Use: Scroll            |     5 |       |       ||     5
       Potion            |       |     2 |       ||     2
 Stab: Sleeping          |    18 |     7 |     6 ||    31
       Distracted        |       |     1 |       ||     1
Armor: Robe              |     7 |     4 |     2 ||    13
Dodge: Dodged            |    35 |    35 |    21 ||    91
